 Adventure DCSS version bcrawl-1.32 (webtiles) character file.

Game seed: 6958929272211167146

81773 Leeroy the Charmwright (level 1, 3/12 HPs)
             Began as a Skeleton Skald on Aug 4, 2021.
             Quit the game on level 1 of the Dungeon.
             The game lasted 00:00:16 (231 turns).

Leeroy the Charmwright (Skeleton Skald)              Turns: 231, Time: 00:00:16

Health: 3/12       AC:  3    Str: 17      XL:     1   Next: 75%
Magic:  4/4        EV: 12    Int: 10 (11) God:
Gold:   50         SH:  0    Dex:  8      Spells: 5/6 levels left
                                        Lives:  2   Deaths: 0

rFire    . . .     SeeInvis .   a - +0 long sword
rCold    + . .     Gourm    .   (no shield)
rNeg     + + +     Faith    .   b - +0 leather armour
rPois    ∞         Spirit   +   (no helmet)
rElec    .         Reflect  .   (no cloak)
rCorr    .         Harm     .   (no gloves)
MR       .....                  (no boots)
Stlth    +.........             (no amulet)
HPRegen  0.04/turn              (no ring)
MPRegen  0.09/turn              (no ring)

@: very slow
A: no food or potions, cold resistance 1, deterioration 1, negative energy
resistance 3, torment resistance, unbreathing, magic shield, sturdy frame 1,
spell healing
a: no special abilities


You were on level 1 of the Dungeon.
You were not hungry.

You visited 1 branch of the dungeon, and saw 1 of its levels.

You collected 50 gold pieces.

Inventory:

Hand Weapons
 a - a +0 long sword (weapon)
Armour
 b - a +0 leather armour (worn)
Scrolls
 d - a scroll of fear


   Skills:
 - Level 2.0 Fighting
 + Level 3.2 Long Blades
 - Level 1.1 Armour
 - Level 2.0 Dodging
 - Level 3.0 Spellcasting
 - Level 3.2 Charms


You had 5 spell levels left.
You knew the following spells:

 Your Spells              Type           Power        Failure   Level  Hunger
a - Infusion              Chrm           #.......     8%          1    N/A

Your spell library contained the following spells:

 Spells                   Type           Power        Failure   Level  Hunger
 Song of Slaying          Chrm           #.......     12%         2    N/A
 Swiftness                Chrm/Air       #.......     22%         2    N/A
 Ozocubu's Armour         Chrm/Ice       #.......     41%         3    N/A
 Spectral Weapon          Hex/Chrm       #.......     41%         3    N/A
 Regeneration             Chrm/Necr      Unusable     N/A         3    N/A

Dungeon Overview and Level Annotations

Branches:
Dungeon (1/12)

Altars:


Innate Abilities, Weirdness & Mutations

You do not eat or drink.
You are immune to poison.
Your flesh is cold resistant. (rC+)
Your body sometimes deteriorates upon taking damage.
You are immune to negative energy. (rN+++)
You are immune to unholy pain and torment.
You can survive without breathing.
When hurt, damage is shared between your health and your magic reserves.
Your movements are slightly less encumbered by armour. (ER -2)
Casting spells heals you.


Message History

You hit the plant but do no damage.
Your unstable footing causes you to fumble your attack.
You slash the plant!
The plant is lightly damaged.
Your unstable footing causes you to fumble your attack.
You hit the plant.
The plant is moderately damaged.
Your unstable footing causes you to fumble your attack.
You hit the plant but do no damage.
The plant is moderately damaged.
You hit the plant but do no damage.
The plant is moderately damaged.
Your unstable footing causes you to fumble your attack.
Your unstable footing causes you to fumble your attack.
You hit the plant but do no damage.
The plant is moderately damaged.
You hit the plant.
The plant is moderately damaged.
Your unstable footing causes you to fumble your attack.
Are you sure you want to abandon this character and quit the game? (Confirm with "yes".)

#..≈≈≈≈≈≈≈≈≈P≈♣≈♣.
#.♣≈≈≈P≈≈≈≈≈≈P≈PP♣
###≈≈≈≈≈≈≈≈≈P≈≈≈P≈P
...≈.≈.≈≈≈≈≈≈≈P≈PP
....≈....≈≈...≈P♣♣
..............)..##+# ##
.P≈≈≈.≈.≈........##.###.
♣≈≈P@≈≈.†≈...........
♣♣≈≈≈PPPP†≈♣##.#.###.
...≈♣≈≈≈♣≈≈≈♣.##...# #.
.... ♣♣♣♣♣♣♣♣..###..####
... ..# #...... .. ..#
#..#### . ............
...####.#### ...# #.#


There were no monsters in sight!

Vanquished Creatures
  2 leopard geckos (D:1)
  A frilled lizard (D:1)
  A kobold (D:1)
  A rat (D:1)
5 creatures vanquished.

Notes
Turn   | Place    | Note
-------+----------+-------------------------------------------
     0 | D:1      | Leeroy the Skeleton Skald began the quest for the Orb.
     0 | D:1      | Reached XP level 1. HP: 12/12 MP: 4/4
   231 | D:1      | Quit the game

Skill      XL: |  1 |
---------------+----+-----
Long Blades    | 3 |  3.2
Fighting       | |  2.0
Armour         | |  1.1
Dodging        | |  2.0
Spellcasting   | |  3.0
Charms         | |  3.2

Action                   || total
-------------------------++-------
Melee: Long sword        ||    32
Armor: Leather armour    ||     3
Dodge: Dodged            ||     8
